General information
- name: BNet
- type: Ladder team game (AT/RT)
- host: Battle.net
- saver: GOKUMAN69
map: MarketSquare
- players: 8
- length: 101:56
- speed: Fast
- version: 1.21 W3XP
- replay type: Public
» download(406 KB)
Players
team 1 (loser)
Lecavlier (
yellow | 53 APM | 1113 actions | 20:59)
5 Blademaster
2 Wind Walk
3 Critical Strike
3 Shadow Hunter
2 Healing Wave
1 Hex
2 Tauren Chieftain
1 Endurance Aura
1 Shockwave
» actions
| Assign group hotkey | 5 | |
| Basic commands | 10 | |
| Build / train | 53 | |
| Enter build submenu | 15 | |
| Enter hero's abilities submenu | 10 | |
| Right click | 674 | |
| Select / deselect | 298 | |
| Select group hotkey | 6 | |
| Use ability | 42 | |
1113 total
» units
| Peon | 11 | |
| Grunt | 4 | |
| Spirit Walker | 3 | |
| Tauren | 11 | |
29 total
» upgrades
| Spirit Walker Training | 2 | |
| Pulverize | 1 | |
| Armor | 1 | |
| Melee Weapons | 1 | |
5 total
» buildings
| Altar of Storms | 1 | |
| Orc Burrow | 8 | |
| Barracks | 1 | |
| Voodoo Lounge | 1 | |
| Stronghold | 1 | |
| Fortress | 1 | |
| War Mill | 1 | |
| Spirit Lodge | 1 | |
| Tauren Totem | 2 | |
17 total
» build order
00:06 Altar of Storms
00:20 Orc Burrow
00:41 Barracks
01:47 Orc Burrow
02:57 Voodoo Lounge
03:15 Stronghold
04:04 Orc Burrow
05:40 Fortress
05:43 War Mill
06:25 Orc Burrow
06:35 Spirit Lodge
09:05 Tauren Totem
09:08 Tauren Totem
10:57 Orc Burrow
11:00 Orc Burrow
11:43 Orc Burrow
18:13 Orc Burrow
» items
magno (
purple | 42 APM | 2073 actions | 49:20)
7 Dark Ranger
3 Black Arrow
3 Silence
1 Charm
6 Priestess of the Moon
3 Trueshot Aura
2 Searing Arrows
1 Starfall
1 Keeper of the Grove
1 Entangling Roots
1 Tauren Chieftain
1 Endurance Aura
» actions
| Basic commands | 68 | |
| Build / train | 131 | |
| Enter build submenu | 51 | |
| Enter hero's abilities submenu | 15 | |
| Give item / drop item | 1 | |
| Remove unit from queue | 19 | |
| Right click | 685 | |
| Select / deselect | 986 | |
| Use ability | 117 | |
2073 total
» units
| Wisp | 26 | |
| Archer | 6 | |
| Chimaera | 11 | |
| Hippogryph | 15 | |
| Dryad | 4 | |
| Druid of the Claw | 4 | |
| Peon | 7 | |
73 total
» upgrades
| Strength of the Wild | 2 | |
| Reinforced Hides | 2 | |
| Corrosive Breath | 1 | |
| Druid of the Talon Training | 1 | |
| Druid of the Claw Training | 3 | |
| Abolish Magic | 1 | |
10 total
» buildings
| Moon Well | 8 | |
| Ancient of War | 1 | |
| Altar of Elders | 1 | |
| Tree of Ages | 1 | |
| Hunter's Hall | 2 | |
| Tree of Life | 7 | |
| Tree of Eternity | 3 | |
| Ancient of Wind | 1 | |
| Chimaera Roost | 4 | |
| Ancient of Wonders | 1 | |
| Ancient of Lore | 4 | |
| Ancient Protector | 4 | |
| Great Hall | 3 | |
| Altar of Storms | 1 | |
| Orc Burrow | 4 | |
| War Mill | 1 | |
| Watch Tower | 3 | |
| Stronghold | 1 | |
| Voodoo Lounge | 1 | |
| Beastiary | 1 | |
| Fortress | 1 | |
53 total
» build order
00:14 Moon Well
00:58 Ancient of War
01:04 Altar of Elders
01:26 Moon Well
02:43 Moon Well
03:46 Tree of Ages
04:04 Hunter's Hall
06:02 Tree of Life
06:09 Tree of Eternity
06:13 Ancient of Wind
06:17 Moon Well
07:56 Moon Well
09:58 Chimaera Roost
09:59 Chimaera Roost
10:03 Chimaera Roost
10:37 Moon Well
12:24 Moon Well
12:26 Ancient of Wonders
13:43 Moon Well
14:01 Tree of Life
20:41 Ancient of Lore
20:44 Ancient of Lore
22:56 Tree of Life
25:52 Ancient Protector
25:55 Ancient Protector
26:36 Hunter's Hall
27:34 Tree of Eternity
29:23 Ancient Protector
29:27 Tree of Eternity
29:31 Ancient Protector
30:20 Ancient of Lore
30:22 Ancient of Lore
31:33 Tree of Life
31:45 Tree of Life
31:58 Great Hall
32:00 Altar of Storms
35:06 Chimaera Roost
35:14 Orc Burrow
36:50 Orc Burrow
37:14 Tree of Life
37:19 Tree of Life
43:04 Orc Burrow
44:01 Great Hall
44:17 War Mill
44:47 Watch Tower
44:50 Watch Tower
45:17 Stronghold
45:26 Orc Burrow
45:31 Voodoo Lounge
46:06 Great Hall
46:25 Watch Tower
47:49 Beastiary
47:53 Fortress
» items
| Scroll of Town Portal | 3 | |
| Orb of Lightning | 1 | |
| Lesser Clarity Potion | 1 | |
| Scroll of Speed | 1 | |
6 total
0rcback (
blue | 25 APM | 524 actions | 20:56)
4 Keeper of the Grove
2 Entangling Roots
2 Force of Nature
» actions
| Assign group hotkey | 15 | |
| Basic commands | 7 | |
| Build / train | 74 | |
| Enter build submenu | 20 | |
| Enter hero's abilities submenu | 4 | |
| Right click | 139 | |
| Select / deselect | 168 | |
| Select group hotkey | 62 | |
| Use ability | 35 | |
524 total
» units
| Wisp | 33 | |
| Archer | 13 | |
| Hippogryph | 14 | |
60 total
» upgrades
| Strength of the Moon | 2 | |
| Moon Armor | 2 | |
| Improved Bows | 1 | |
| Hippogryph Taming | 1 | |
| Strength of the Wild | 1 | |
| Reinforced Hides | 1 | |
8 total
» buildings
| Altar of Elders | 1 | |
| Moon Well | 8 | |
| Ancient of War | 2 | |
| Hunter's Hall | 1 | |
| Ancient Protector | 1 | |
| Tree of Life | 4 | |
| Tree of Ages | 1 | |
| Ancient of Wind | 3 | |
21 total
» build order
00:11 Altar of Elders
00:24 Moon Well
00:53 Moon Well
01:34 Moon Well
02:01 Ancient of War
02:08 Ancient of War
02:24 Moon Well
04:29 Hunter's Hall
05:47 Ancient Protector
06:16 Tree of Life
06:59 Tree of Ages
10:37 Ancient of Wind
10:39 Ancient of Wind
10:41 Ancient of Wind
10:45 Moon Well
10:49 Moon Well
10:56 Moon Well
12:15 Moon Well
12:43 Tree of Life
17:04 Tree of Life
17:08 Tree of Life
BONG_LORD_420 (
pink | 59 APM | 6003 actions | 101:54)
10 Death Knight
3 Death Coil
3 Unholy Aura
1 Animate Dead
3 Death Pact
10 Lich
3 Frost Nova
3 Frost Armor
1 Death and Decay
3 Dark Ritual
10 Dreadlord
3 Carrion Swarm
3 Vampiric Aura
1 Inferno
3 Sleep
1 Blademaster
1 Bladestorm
» actions
| Assign group hotkey | 267 | |
| Basic commands | 201 | |
| Build / train | 220 | |
| Enter build submenu | 33 | |
| Enter hero's abilities submenu | 31 | |
| Give item / drop item | 23 | |
| Remove unit from queue | 18 | |
| Right click | 3438 | |
| Select / deselect | 1130 | |
| Select group hotkey | 164 | |
| Use ability | 478 | |
6003 total
» units
| Acolyte | 27 | |
| Ghoul | 90 | |
| Forest Troll High Priest | 3 | |
| Assassin | 2 | |
| Kobold Geomancer | 3 | |
| Necromancer | 2 | |
127 total
» upgrades
» buildings
| Altar of Darkness | 1 | |
| Ziggurat | 26 | |
| Crypt | 7 | |
| Tomb of Relics | 1 | |
| Nerubian Tower | 1 | |
| Graveyard | 1 | |
| Halls of the Dead | 1 | |
| Spirit Tower | 5 | |
| Black Citadel | 1 | |
| Sacrificial Pit | 1 | |
| Orc Burrow | 2 | |
| Temple of the Damned | 2 | |
49 total
» build order
00:08 Altar of Darkness
00:15 Ziggurat
00:21 Ziggurat
00:45 Crypt
01:09 Tomb of Relics
01:57 Ziggurat
02:25 Nerubian Tower
02:36 Graveyard
02:49 Ziggurat
04:26 Halls of the Dead
05:09 Spirit Tower
05:59 Ziggurat
06:01 Ziggurat
06:57 Black Citadel
07:23 Sacrificial Pit
11:56 Spirit Tower
12:18 Ziggurat
12:19 Ziggurat
12:20 Ziggurat
12:22 Ziggurat
12:23 Ziggurat
12:23 Ziggurat
16:00 Spirit Tower
19:47 Ziggurat
19:48 Ziggurat
19:49 Ziggurat
19:50 Ziggurat
22:49 Ziggurat
22:50 Ziggurat
22:52 Ziggurat
22:53 Ziggurat
22:56 Ziggurat
22:57 Ziggurat
23:00 Ziggurat
23:01 Ziggurat
23:02 Ziggurat
23:03 Ziggurat
26:05 Spirit Tower
26:06 Spirit Tower
51:29 Orc Burrow
53:12 Orc Burrow
55:28 Crypt
55:32 Crypt
55:36 Crypt
61:54 Crypt
61:56 Crypt
62:00 Crypt
64:20 Temple of the Damned
64:22 Temple of the Damned
» items
| Rod of Necromancy | 4 | |
| Scroll of Town Portal | 3 | |
| Orb of Corruption | 3 | |
| Scroll of Healing | 6 | |
| Circlet of Nobility | 5 | |
| Periapt of Vitality | 7 | |
| Scroll of Protection | 2 | |
| Dust of Appearance | 2 | |
32 total
team 2 (winner)
kevinmentor (
red | 31 APM | 1347 actions | 43:57)
8 Pandaren Brewmaster
1 Drunken Haze
3 Drunken Brawler
3 Breath of Fire
1 Storm Earth and Fire
» actions
| Assign group hotkey | 47 | |
| Basic commands | 27 | |
| Build / train | 71 | |
| Enter build submenu | 26 | |
| Enter hero's abilities submenu | 8 | |
| Give item / drop item | 1 | |
| Right click | 547 | |
| Select / deselect | 341 | |
| Select group hotkey | 176 | |
| Use ability | 103 | |
1347 total
» units
| Acolyte | 12 | |
| Ghoul | 8 | |
| Abomination | 10 | |
| Necromancer | 7 | |
| Gargoyle | 6 | |
43 total
» upgrades
| Cannibalize | 1 | |
| Necromancer Training | 2 | |
| Ghoul Frenzy | 1 | |
| Unholy Strength | 2 | |
| Unholy Armor | 2 | |
| Disease Cloud | 1 | |
| Skeletal Mastery | 1 | |
10 total
» buildings
| Crypt | 2 | |
| Ziggurat | 9 | |
| Altar of Darkness | 1 | |
| Halls of the Dead | 2 | |
| Graveyard | 2 | |
| Necropolis | 2 | |
| Black Citadel | 1 | |
| Slaughterhouse | 2 | |
| Temple of the Damned | 1 | |
| Tomb of Relics | 1 | |
23 total
» build order
00:10 Crypt
00:14 Ziggurat
00:55 Ziggurat
01:11 Altar of Darkness
03:01 Ziggurat
03:29 Ziggurat
04:06 Halls of the Dead
05:25 Graveyard
05:31 Graveyard
07:03 Necropolis
07:05 Black Citadel
08:01 Slaughterhouse
08:03 Temple of the Damned
10:24 Crypt
11:05 Slaughterhouse
11:14 Ziggurat
11:17 Ziggurat
12:14 Tomb of Relics
16:31 Ziggurat
16:32 Ziggurat
16:32 Ziggurat
20:55 Necropolis
29:30 Halls of the Dead
» items
| Healing Salve | 2 | |
| Scroll of Town Portal | 1 | |
| Orb of Corruption | 1 | |
| Tiny Great Hall | 1 | |
| Staff of Teleportation | 1 | |
6 total
GOKUMAN69 (
teal | 46 APM | 4724 actions | 101:56)
10 Blademaster
3 Wind Walk
3 Critical Strike
1 Bladestorm
3 Mirror Image
9 Pandaren Brewmaster
3 Breath of Fire
3 Drunken Haze
1 Storm Earth and Fire
2 Drunken Brawler
10 Pit Lord
3 Rain of Fire
3 Cleaving Attack
1 Doom
3 Howl of Terror
» actions
| Assign group hotkey | 6 | |
| Basic commands | 68 | |
| Build / train | 174 | |
| Enter build submenu | 115 | |
| Enter hero's abilities submenu | 29 | |
| Give item / drop item | 12 | |
| Remove unit from queue | 10 | |
| Right click | 2233 | |
| Select / deselect | 1458 | |
| Select group hotkey | 51 | |
| Use ability | 568 | |
4724 total
» units
| Peon | 25 | |
| Wind Rider | 24 | |
| Troll Batrider | 9 | |
| Grunt | 27 | |
| Demolisher | 9 | |
94 total
» upgrades
| Envenomed Spears | 1 | |
| Ranged Weapons | 3 | |
| Armor | 1 | |
| Reinforced Defenses | 1 | |
| Troll Regeneration | 1 | |
| Berserker Upgrade | 1 | |
| Burning Oil | 1 | |
| Berserker Strength | 1 | |
| Ensnare | 1 | |
11 total
» buildings
| War Mill | 3 | |
| Altar of Storms | 1 | |
| Orc Burrow | 5 | |
| Watch Tower | 94 | |
| Voodoo Lounge | 1 | |
| Stronghold | 1 | |
| Beastiary | 2 | |
| Fortress | 1 | |
| Great Hall | 7 | |
| Barracks | 2 | |
117 total
» build order
00:07 War Mill
00:27 Altar of Storms
00:42 Orc Burrow
01:42 Watch Tower
02:07 Watch Tower
02:34 Watch Tower
02:49 Watch Tower
02:52 Voodoo Lounge
03:06 Orc Burrow
03:23 Watch Tower
03:34 Watch Tower
04:16 Watch Tower
04:36 Watch Tower
04:39 Watch Tower
05:13 Watch Tower
05:16 Watch Tower
06:08 Stronghold
06:12 Watch Tower
06:28 Watch Tower
07:54 Orc Burrow
09:15 Beastiary
09:16 Beastiary
09:18 Watch Tower
09:19 Fortress
09:40 Orc Burrow
10:02 Watch Tower
10:29 Orc Burrow
11:52 Watch Tower
13:18 Watch Tower
13:22 Watch Tower
13:24 Watch Tower
14:10 Watch Tower
14:12 Watch Tower
14:14 Watch Tower
16:15 Great Hall
16:18 Watch Tower
16:20 Watch Tower
17:51 Watch Tower
17:52 Watch Tower
18:47 Watch Tower
18:58 Watch Tower
18:59 Watch Tower
19:36 Watch Tower
19:40 Watch Tower
22:17 Watch Tower
23:44 Watch Tower
23:45 Watch Tower
23:47 Watch Tower
24:06 Watch Tower
24:26 Watch Tower
24:29 Watch Tower
25:23 Watch Tower
25:26 Watch Tower
26:11 Watch Tower
27:32 Watch Tower
27:39 Watch Tower
27:40 Watch Tower
27:41 Watch Tower
28:03 Watch Tower
28:24 Watch Tower
29:43 Watch Tower
30:17 Watch Tower
30:18 Watch Tower
30:51 Watch Tower
30:56 Great Hall
31:47 Watch Tower
31:48 Watch Tower
35:20 Watch Tower
35:20 Watch Tower
35:34 Watch Tower
35:38 Watch Tower
35:39 Watch Tower
35:40 Watch Tower
35:41 Watch Tower
36:00 Great Hall
36:07 Watch Tower
36:08 Watch Tower
36:09 Watch Tower
36:10 Watch Tower
36:11 Watch Tower
36:12 Watch Tower
36:13 Watch Tower
36:15 Watch Tower
36:16 Watch Tower
36:17 Watch Tower
36:17 Watch Tower
36:57 Watch Tower
37:39 Watch Tower
37:39 Watch Tower
37:41 Watch Tower
38:50 Watch Tower
39:11 Watch Tower
40:20 Watch Tower
41:25 Great Hall
41:29 Watch Tower
41:30 Watch Tower
41:31 Watch Tower
41:32 Watch Tower
42:22 Watch Tower
42:23 Watch Tower
43:02 Watch Tower
43:03 Watch Tower
43:04 Watch Tower
43:05 Watch Tower
44:13 Great Hall
44:17 Watch Tower
46:14 Watch Tower
46:53 Watch Tower
46:54 Watch Tower
47:42 War Mill
48:29 War Mill
50:35 Great Hall
50:43 Watch Tower
50:44 Watch Tower
51:42 Barracks
53:31 Great Hall
59:21 Barracks
» items
| Healing Salve | 1 | |
| Orb of Lightning | 1 | |
| Boots of Speed | 3 | |
| Staff of Teleportation | 2 | |
| Scroll of Healing | 1 | |
| Scroll of Protection | 1 | |
| Potion of Lesser Invulnerability | 1 | |
| Periapt of Vitality | 9 | |
| Circlet of Nobility | 4 | |
23 total
HumaniC (
green | 48 APM | 2888 actions | 60:19)
10 Paladin
3 Holy Light
3 Divine Shield
1 Resurrection
3 Devotion Aura
» actions
| Assign group hotkey | 27 | |
| Build / train | 105 | |
| Enter build submenu | 25 | |
| Enter hero's abilities submenu | 11 | |
| Give item / drop item | 4 | |
| Remove unit from queue | 10 | |
| Right click | 1249 | |
| Select / deselect | 392 | |
| Select group hotkey | 964 | |
| Use ability | 100 | |
2888 total
» units
| Peasant | 6 | |
| Rifleman | 9 | |
| Footman | 1 | |
| Mortar Team | 3 | |
| Priest | 2 | |
| Siege Engine | 1 | |
| Flying Machine | 36 | |
58 total
» upgrades
| Long Rifles | 1 | |
| Lumber Harvesting | 1 | |
| Flare | 1 | |
| Barrage | 1 | |
| Flak Cannons | 1 | |
| Flying Machine Bombs | 1 | |
| Gunpowder | 1 | |
7 total
» buildings
| Lumber Mill | 2 | |
| Farm | 10 | |
| Altar of Kings | 2 | |
| Barracks | 2 | |
| Blacksmith | 1 | |
| Scout Tower | 1 | |
| Arcane Tower | 1 | |
| Arcane Vault | 1 | |
| Keep | 1 | |
| Castle | 1 | |
| Workshop | 3 | |
| Arcane Sanctum | 1 | |
26 total
» build order
00:09 Lumber Mill
00:13 Lumber Mill
00:21 Farm
00:27 Altar of Kings
01:31 Barracks
01:39 Blacksmith
01:48 Farm
01:59 Scout Tower
02:27 Barracks
02:35 Arcane Tower
02:55 Farm
03:13 Arcane Vault
03:29 Farm
04:13 Farm
06:07 Keep
07:14 Farm
07:15 Farm
07:17 Farm
07:18 Farm
08:04 Farm
09:32 Castle
09:54 Workshop
10:02 Workshop
10:08 Arcane Sanctum
12:00 Workshop
24:00 Altar of Kings
» items
| Scroll of Regeneration | 3 | |
| Lesser Clarity Potion | 1 | |
| Scroll of Town Portal | 2 | |
| Orb of Fire | 1 | |
| Boots of Speed | 1 | |
| Staff of Teleportation | 1 | |
| Potion of Invisibility | 2 | |
| Tome of Retraining | 1 | |
| Potion of Lesser Invulnerability | 1 | |
13 total
unseen (
orange | 37 APM | 1193 actions | 32:33)
9 Death Knight
3 Death Coil
3 Unholy Aura
1 Animate Dead
2 Death Pact
» actions
| Assign group hotkey | 28 | |
| Basic commands | 3 | |
| Build / train | 45 | |
| Enter build submenu | 19 | |
| Enter hero's abilities submenu | 9 | |
| Remove unit from queue | 3 | |
| Right click | 425 | |
| Select / deselect | 207 | |
| Select group hotkey | 417 | |
| Use ability | 37 | |
1193 total
» units
| Acolyte | 3 | |
| Ghoul | 7 | |
| Frost Wyrm | 8 | |
18 total
» upgrades
| Creature Attack | 3 | |
| Creature Carapace | 3 | |
| Freezing Breath | 1 | |
7 total
» buildings
| Altar of Darkness | 1 | |
| Ziggurat | 9 | |
| Crypt | 1 | |
| Graveyard | 1 | |
| Halls of the Dead | 1 | |
| Tomb of Relics | 1 | |
| Black Citadel | 3 | |
| Sacrificial Pit | 1 | |
| Boneyard | 3 | |
21 total
» build order
00:12 Altar of Darkness
00:16 Ziggurat
00:44 Crypt
01:07 Graveyard
01:19 Ziggurat
02:51 Ziggurat
03:05 Halls of the Dead
03:20 Ziggurat
03:26 Tomb of Relics
04:46 Ziggurat
05:26 Black Citadel
05:26 Black Citadel
05:27 Black Citadel
05:34 Sacrificial Pit
06:29 Ziggurat
08:01 Boneyard
08:04 Boneyard
08:06 Boneyard
10:30 Ziggurat
10:33 Ziggurat
21:08 Ziggurat
» items
| Potion of Healing | 2 | |
| Scroll of Town Portal | 1 | |
3 total
Chat log
(04:01 / Allies) HumaniC: hit?
(04:07 / Allies) HumaniC: teal enough towers
(08:53 / Allies) GOKUMAN69: not da creep
(08:56 / Allies) GOKUMAN69: the enmey
(10:51 / Allies) HumaniC: getting tanks
(12:10 / Allies) GOKUMAN69: gold
(13:42 / Allies) HumaniC: nice
(13:46 / Allies) HumaniC: i got aas covered
(14:47 / Allies) HumaniC: omw
(16:53 / All) kevinmentor: gee, if only teal were playing
(17:30 / Allies) unseen: gold teal
(17:39 / Allies) HumaniC: teal plz pass gold for aa
(17:57 / Allies) HumaniC: plz teal
(17:58 / Allies) HumaniC: for aa
(18:08 / All) GOKUMAN69: no english
(18:15 / Allies) HumaniC: GOLD
(20:40 / All) BONG_LORD_420: no english
(21:24 / Allies) kevinmentor: lol
(21:35 / All) HumaniC: easy win
(21:41 / Allies) kevinmentor: he didn't ever cast a spell with those guys
(22:32 / Allies) kevinmentor: stupid piece of shit
(22:34 / Allies) HumaniC: 30 gold?
(22:36 / Allies) unseen: gold pls
(22:40 / Allies) unseen: teal
(23:15 / Allies) unseen: stopppppp
(23:41 / Allies) HumaniC: lol
(23:46 / All) HumaniC: i resurected all my shit noob :)
(24:27 / Allies) unseen: bitch teal
(24:31 / Allies) unseen: wtf are you doing
(25:05 / Allies) unseen: teal
(25:21 / Allies) unseen: Gokuman69
(25:43 / Allies) HumaniC: 150 gold?
(25:49 / Allies) HumaniC: red
(25:54 / Allies) HumaniC: plz
(26:01 / Allies) HumaniC: ty
(26:18 / Allies) HumaniC: lol we lost
(26:35 / Allies) GOKUMAN69: wood ftw
(26:54 / Allies) HumaniC: make mass bats
(26:58 / Allies) kevinmentor: how about less killing your allies for the win?
(27:10 / All) unseen: gj red
(27:12 / All) HumaniC: lol teal destroyed his team
(27:55 / All) unseen: purple pink
(28:06 / Allies) HumaniC: lol noob teal
(28:10 / Allies) HumaniC: i even helped you
(28:24 / All) HumaniC: pretty funny losing this
(29:20 / Allies) kevinmentor: ty, but sadly I can't make any aa
(29:28 / All) unseen: it's ok
(29:45 / All) HumaniC: lol pink is so retarded
(31:31 / All) kevinmentor: god fucking damn it
(31:55 / All) kevinmentor: he killed my other panda
(32:10 / All) kevinmentor: so I respawneed at you
(35:22 / Allies) GOKUMAN69: wood me
(35:51 / Allies) kevinmentor: though I probaly will regret it
(36:29 / All) HumaniC: :)
(37:48 / Allies) GOKUMAN69: wood
(38:52 / All) HumaniC: :)
(40:31 / All) HumaniC: lolz
(41:06 / Allies) HumaniC: lol
(41:13 / All) HumaniC: i think teal is having a fun game
(41:17 / All) HumaniC: :D
(41:17 / All) BONG_LORD_420: as am I
(41:30 / All) HumaniC: yea except you suck balls
(41:32 / All) HumaniC: lol
(42:00 / Allies) kevinmentor: crap
(43:07 / Allies) HumaniC: thx
(43:14 / Allies) kevinmentor: well I am out
(44:00 / All) BONG_LORD_420: haha
(44:05 / All) BONG_LORD_420: down to four
(44:19 / All) HumaniC: whatever
(44:26 / All) HumaniC: you have any idea how many towers teal has
(44:29 / All) HumaniC: gl
(44:36 / All) HumaniC: he has 7 expos
(44:40 / All) BONG_LORD_420: do you have any idea how much teal likes me
(44:55 / All) BONG_LORD_420: you really think teal is going to kill me hahaha
(46:11 / Allies) GOKUMAN69: wood
(46:17 / Allies) HumaniC: have none
(47:00 / All) HumaniC: pretty lame
(47:08 / All) HumaniC: what you guys are doing
(49:34 / All) BONG_LORD_420: finally
(49:36 / All) BONG_LORD_420: and then there was one
(50:07 / All) HumaniC: no exp for you
(50:14 / All) HumaniC: lol noob
(50:15 / All) BONG_LORD_420: haha
(50:19 / All) BONG_LORD_420: big deal
(50:22 / All) BONG_LORD_420: teal will make me an army
(50:24 / All) BONG_LORD_420: to feed on
(50:39 / All) HumaniC: im gunna leave my comp running
(50:46 / All) BONG_LORD_420: haha
(50:49 / All) HumaniC: who usually wins your gay little games?
(50:52 / All) BONG_LORD_420: teal will give me the victory
(50:54 / All) BONG_LORD_420: if you want one
(50:55 / All) BONG_LORD_420: so bad
(51:04 / All) HumaniC: i dont care frankly
(51:11 / All) HumaniC: its not sweat
(51:15 / All) HumaniC: no*
(53:36 / All) BONG_LORD_420: ah this was a fun game
(53:37 / All) BONG_LORD_420: pretty lol
(58:48 / All) HumaniC: hehe
(58:57 / All) BONG_LORD_420: welp
(59:12 / All) HumaniC: its funny because
(59:22 / All) HumaniC: either teal leaves and i take his shit and destroy you
(59:22 / All) BONG_LORD_420: ?
(59:28 / All) HumaniC: or he slowly kills all his stuff
(59:34 / All) HumaniC: either of which is pretty funny
(59:44 / All) HumaniC: and i have a TV, so family guy solves
(59:44 / All) BONG_LORD_420: hes going to feed me triple 10 heroes
(60:15 / All) HumaniC: i think you guys define why 4v4 RT exists. 0 skill rofl